 Dungeon Crawl Stone Soup version 0.26.1-2-gb8aa6d0 (webtiles) character file.

Game seed: 13470862741497360107

89 Geeful the Sneak (level 4, -1/32 HPs)
             Began as an Octopode Delver on Mar 21, 2021.
             Was an Initiate of Vehumet.
             Slain by a worker ant (7 damage)
             ... on level 5 of the Dungeon.
             The game lasted 00:03:55 (1004 turns).

Geeful the Sneak (Octopode Delver)                  Turns: 1004, Time: 00:03:55

Health: -1/32      AC:  1    Str: 11    XL:     4   Next: 55%
Magic:  6/6        EV: 14    Int: 13    God:    Vehumet [......]
Gold:   19         SH:  0    Dex: 13    Spells: 6/6 levels left

rFire    . . .     SeeInvis .   a - +0 short sword
rCold    . . .     Faith    .   (no shield)
rNeg     . . .     Spirit   .   (helmet restricted)
rPois    .         Reflect  .   (no amulet)
rElec    .         Harm     .   (no ring)
rCorr    .         Rampage  .   (no ring)
Will     .....                  (no ring)
Stlth    ++++......             (no ring)
HPRegen  0.10/turn              (no ring)
MPRegen  0.10/turn              (no ring)
                                (no ring)
                                (no ring)

@: lethally poisoned (-1 -> -8)
A: almost no armour, stealthy swim, amphibious, 8 rings, constrict 8, camouflage
1, gelatinous body 1
a: Renounce Religion


You were on level 5 of the Dungeon.
You worshipped Vehumet.
Vehumet was noncommittal.
You visited 2 branches of the dungeon, and saw 3 of its levels.

You collected 19 gold pieces.

Inventory:

Hand Weapons
 a - a +0 short sword (weapon)
Missiles
 h - a javelin (quivered)
 j - 14 poisoned darts
Jewellery
 g - an uncursed ring of fire {unknown}
 i - an uncursed ring of flight {unknown}
Wands
 f - a wand of digging (3)
Scrolls
 b - a scroll of fog
 c - a scroll of magic mapping
 d - a scroll of fear
Potions
 e - a potion of haste


   Skills:
 + Level 3.6 Fighting
 - Level 2.0 Short Blades
 + Level 2.8 Dodging
 + Level 7.3 Stealth
 + Level 1.5 Spellcasting


You had 6 spell levels left.
You didn't know any spells.
Your spell library was empty.

Dungeon Overview and Level Annotations

Branches:
Dungeon (6/15)             Temple (1/1) D:5

Altars:
Dithmenos
Fedhas
Gozag
Kikubaaqudgha
Qazlal
Ru
Trog
Uskayaw
Vehumet
Wu Jian
Yredelemnul
Zin


Innate Abilities, Weirdness & Mutations

You cannot wear most types of armour.
You are very stealthy in the water. (Stealth+)
You are amphibious.
You can wear up to eight rings at the same time.
You can use your tentacles to constrict eight enemies at once.
Your skin changes colour to match your surroundings (Stealth+).
Your rubbery body absorbs attacks. (AC +1, EV +1)


Message History

The javelin pierces through the worker ant.
The worker ant is heavily wounded.
The worker ant barely misses you. x2
Throw: 3 javelins
Press: ? - help, Q - select action, (/) - cycle Shift-Dir - straight line, f/p - worker ant
Aim: a worker ant (heavily wounded, 57% to hit)
You throw a javelin.
The javelin closely misses the worker ant.
You feel sick. The worker ant bites you!
* * * LOW HITPOINT WARNING * * *
You are lethally poisoned!
The worker ant poisons you!
Throw: 2 javelins
Press: ? - help, Q - select action, (/) - cycle Shift-Dir - straight line, f/p - worker ant
Aim: a worker ant (heavily wounded, 57% to hit)
You throw a javelin.
The javelin barely misses the worker ant.
* * * LOW HITPOINT WARNING * * *
You feel sick. The worker ant bites you!
You die...

###################
........(.........#
..................#
........B.........#
........@.........#
..##.>.##..##.....+
#... #####.....#
#... #.....# #...
+.....# +...
#.....# #.o.
##.....# #......#
##.....#


You could see a worker ant.

Vanquished Creatures
  A bullfrog zombie (D:5)
  A bullfrog skeleton (D:5)
  2 adders (D:5)
  A white imp (D:5)
  An orc (D:5)
  3 jackals (D:5)
9 creatures vanquished.

Notes
Turn   | Place    | Note
-------+----------+-------------------------------------------
     0 | D:5      | Geeful the Octopode Delver began the quest for the Orb.
     0 | D:5      | Reached XP level 1. HP: 16/16 MP: 1/1
     1 | D:6      | Noticed an orc priest
     1 | D:6      | Noticed an orc wizard
    41 | D:5      | Reached XP level 2. HP: 21/21 MP: 2/2
   374 | D:5      | Reached skill level 7 in Stealth
   374 | D:5      | Reached skill level 1 in Spellcasting
   374 | D:5      | Reached XP level 3. HP: 14/26 MP: 4/4
   557 | D:5      | Noticed a phantom
   582 | D:5      | Reached XP level 4. HP: 14/31 MP: 5/5
   838 | D:5      | Found a staircase to the Ecumenical Temple.
   847 | Temple   | Entered the Ecumenical Temple
   876 | Temple   | Became a worshipper of Vehumet
  1004 | D:5      | Slain by a worker ant

Illustrated notes

Levels and vault maps discovered:
D:5:      layout_gridville, minmay_temple_entry_antechambers, basic_altar,
          vehumet_altar_wand_db, uniq_pikel
D:6:      layout_rooms
Temple:   compressed_dpeg_circular_temple

Skill      XL: |  1  2 |
---------------+-------+-----
Stealth        | 7 |  7.3
Spellcasting   | 1 |  1.5
Fighting       | |  3.6
Short Blades   | |  2.0
Dodging        | |  2.8

Action                   |  1- 3 |  4- 6 || total
-------------------------+-------+-------++-------
Melee: Short sword       |    22 |     3 ||    25
       Constrict         |     6 |     1 ||     7
       Tentacles         |     5 |     1 ||     6
Throw: Javelin           |       |     6 ||     6
 Stab: Sleeping          |     2 |     1 ||     3
Armor: Skin              |     3 |     2 ||     5
Dodge: Dodged            |    20 |    12 ||    32
